 Seeded DCSS version 0.29-a0-22-gbf593b16ee (webtiles) character file.

Game seed: 15192220789535338473 (custom seed)

609 innerfire433 the Magician (level 7, -1/47 HPs)
             Began as a Demonspawn Wanderer on Jan 29, 2022.
             Was a Priest of Hepliaklqana.
             Slain by a manticore (3 damage)
             ... on level 5 of the Dungeon.
             The game lasted 00:07:51 (5074 turns).

innerfire433 the Magician (Demonspawn Wanderer)     Turns: 5074, Time: 00:07:52

Health: -1/47      AC:  8    Str: 11    XL:     7   Next: 19%
Magic:  13/13      EV:  7    Int: 13    God:    Hepliaklqana [***...]
Gold:   244        SH:  3    Dex: 16    Spells: 15/15 levels left

rFire   . . .      SeeInvis .   a - +2 spear
rCold   . . .      Faith    .   z - +0 buckler
rNeg    . . .      Spirit   .   t - +1 scale mail {rPois}
rPois   +          Reflect  .   (helmet restricted)
rElec   .          Harm     .   l - scarf {repulsion}
rCorr   .          Rampage  .   b - +0 pair of gloves
Will    .....                   (no boots)
Stlth   ..........              (no amulet)
HPRegen 0.15/turn               (no ring)
MPRegen 0.13/turn               (no ring)

@: repel missiles
A: reduced essence, horns 2, powered by death 2
a: Renounce Religion, Recall Ancestor, Ancestor Identity, Transference


You were on level 5 of the Dungeon.
You worshipped Hepliaklqana.
Hepliaklqana was most pleased with you.
You visited 1 branch of the dungeon, and saw 6 of its levels.

You collected 244 gold pieces.

Inventory:

Hand Weapons
 a - a +2 spear (weapon)
 d - a +2 dagger of venom
Missiles
 s - 3 throwing nets (quivered)
Armour
 b - a +0 pair of gloves (worn)
 c - a +0 robe
 e - a +0 ring mail
 l - a scarf of repulsion (worn)
 t - a +1 scale mail of poison resistance (worn)
 z - a +0 buckler (worn)
Jewellery
 r - a ring of protection from fire
Wands
 p - a wand of charming (12)
 C - a wand of mindburst (4)
Scrolls
 g - a scroll of immolation {unknown}
 h - 2 scrolls of identify {unknown}
 j - a scroll of blinking {unknown}
 k - a scroll of holy word {unknown}
 m - a scroll of fear {unknown}
 n - a scroll of summoning {unknown}
 q - a scroll of magic mapping {unknown}
 u - a scroll of enchant armour {unknown}
 y - a scroll of fog {unknown}
 B - a scroll of teleportation {unknown}
Potions
 o - a potion of lignification {unknown}
 v - a potion of berserk rage {unknown}
 w - a potion of haste {unknown}
 x - 3 potions of degeneration {unknown}
 A - a potion of brilliance {unknown}


   Skills:
 + Level 3.8 Fighting
 + Level 4.3 Polearms
 - Level 1.2 Stealth
 + Level 4.6 Spellcasting
 + Level 4.2 Conjurations


You had 15 spell levels left.
You didn't know any spells.
Your spell library contained the following spells:

 Spells                   Type           Power      Damage    Failure   Level
 Searing Ray              Conj           28%        2d5       41%         2
 Static Discharge         Conj/Air       8%         N/A       71%         2
 Ensorcelled Hibernation  Hex/Ice        6%         N/A       95%         2
 Spider Form              Tmut/Pois      3%         N/A       99%         3
 Anguish                  Hex/Necr       1%         N/A       100%        4


Dungeon Overview and Level Annotations

Branches:
Dungeon (6/15)
 Temple: D:4-7

Altars:
Hepliaklqana
Okawaru
Sif Muna

Shops:
D:3 !((


Innate Abilities, Weirdness & Mutations

Your life essence is reduced to manifest your ancestor. (-10% HP)
You have a pair of horns on your head.
You regenerate health from kills.


Message History

You block the kobold brigand's attack.
You hit the manticore.
The manticore is heavily wounded.
The manticore bites you! The manticore claws you!
* * * LOW HITPOINT WARNING * * *
The manticore claws you.
* * * LOW HITPOINT WARNING * * *
You block the kobold brigand's attack.
The manticore bites you but does no damage.
The manticore claws you.
* * * LOW HITPOINT WARNING * * *
The manticore barely misses you.
The kobold brigand hits you with a +0 short sword.
* * * LOW HITPOINT WARNING * * *
You climb upwards.
There is a stone staircase leading down here.
You feel much better. The manticore completely misses you.
The manticore claws you but does no damage.
You block the manticore's attack. The kobold brigand barely misses you.
You hit the manticore.
The manticore is heavily wounded.
You block the manticore's attack. The manticore claws you! x2
* * * LOW HITPOINT WARNING * * *
You barely miss the manticore. You headbutt the manticore.
The manticore is severely wounded.
The kobold brigand hits you but does no damage.
The manticore bites you but does no damage.
You block the manticore's attack. The manticore claws you.
* * * LOW HITPOINT WARNING * * *
You hit the manticore.
The manticore is severely wounded.
The kobold brigand hits you with a +0 short sword.
* * * LOW HITPOINT WARNING * * *
The manticore bites you but does no damage.
The manticore claws you but does no damage. x2
You hit the manticore. You headbutt the manticore.
The manticore is severely wounded.
The kobold brigand hits you but does no damage.
The manticore bites you.
You die...

########
#################......#
#............#.@#......#
#............#HK†......#
########'##'###..#......#
#.............#..#......#
#.............'..#......#
#.............#'##......#
######
#.................##'####
#....#
####'#....##+#....#...#
#....#
#...#....#..#....#...#
#....#


You could see a manticore and a kobold brigand.

Vanquished Creatures
  A bullfrog (D:5)
  An iguana (D:4)
  4 gnolls
  4 adders
  A worm (D:2)
  2 dart slugs (D:2)
  4 orcs
  8 bats
  3 endoplasms
  A giant cockroach (D:3)
  5 goblins
  3 hobgoblins
  5 jackals
  5 quokkas
  7 ball pythons
  4 frilled lizards
  5 kobolds
  4 rats
67 creatures vanquished.

Vanquished Creatures (collateral kills)
  A water moccasin (D:5)
  An ice beast (D:5)
  A jelly (D:5)
  2 iguanas
  An orc wizard (D:3)
  An adder (D:3)
  3 gnolls
  An adder skeleton (D:5)
  A dart slug (D:3)
  6 orcs
  An endoplasm (D:2)
  A giant cockroach (D:4)
  4 hobgoblins
  3 jackals (D:4)
  A quokka (D:3)
28 creatures vanquished.

Vanquished Creatures (others)
  2 knights (D:6)
2 creatures vanquished.

Grand Total: 97 creatures vanquished

Notes
Turn   | Place    | Note
-------+----------+-------------------------------------------
     0 | D:1      | innerfire433 the Demonspawn Wanderer began the quest for
                  | the Orb.
     0 | D:1      | innerfire433 set off with the following items: a +2 spear,
                  | a +0 pair of gloves, a +0 robe; and the following spells
                  | available to memorise: Searing Ray, Static Discharge
     0 | D:1      | Reached XP level 1. HP: 15/15 MP: 4/4
   188 | D:1      | Found a faded altar of an unknown god.
   227 | D:1      | Prayed at the altar of an unknown god.
   227 | D:1      | Became a worshipper of Hepliaklqana the Forgotten
   227 | D:1      | Reached * piety under Hepliaklqana
   300 | D:1      | Gained mutation: You regenerate a little health from kills.
                  | [demonic ancestry]
   300 | D:1      | Reached XP level 2. HP: 18/18 MP: 6/6
   980 | D:2      | Reached XP level 3. HP: 23/23 MP: 7/7
  1680 | D:2      | Gained mutation: You regenerate health from kills. [demonic
                  | ancestry]
  1680 | D:2      | Reached XP level 4. HP: 29/29 MP: 9/9
  2127 | D:3      | Found Cinkoqie's Weapon Shoppe.
  2180 | D:3      | Found Gyfo's Weapon Emporium.
  2183 | D:3      | Reached ** piety under Hepliaklqana
  2191 | D:3      | Remembered your ancestor Necuametl as a knight
  2455 | D:3      | Gained mutation: You have a pair of small horns on your
                  | head. [demonic ancestry]
  2455 | D:3      | Reached XP level 5. HP: 29/35 MP: 10/10
  2546 | D:3      | Found Vijiheiv's Distillery.
  3595 | D:4      | Found an iron altar of Okawaru.
  3737 | D:5      | Entered Level 5 of the Dungeon
  3814 | D:5      | Reached XP level 6. HP: 37/42 MP: 12/12
  3901 | D:5      | Reached *** piety under Hepliaklqana
  3951 | D:5      | Found a shimmering blue altar of Sif Muna.
  4274 | D:5      | Noticed an ice beast
  4284 | D:5      | Killed an ice beast
  4374 | D:5      | Noticed a water moccasin
  4386 | D:5      | Killed a water moccasin
  4387 | D:5      | Gained mutation: You have a pair of horns on your head.
                  | [demonic ancestry]
  4387 | D:5      | Reached XP level 7. HP: 46/47 MP: 13/13
  4904 | D:6      | Noticed a manticore
  5073 | D:5      | HP: 2/47 [kobold brigand (2)]
  5074 | D:5      | Slain by a manticore

Illustrated notes

Levels and vault maps discovered:
D:1:      dpeg_arrival_rooms_c, layout_loops_ring,
          shapermc_ecumenical_altar_starsandcircs, minivault_23, hex_large,
          wander_ebering_terrifying_dragon_lair
D:2:      layout_basic
D:3:      layout_loops_ring, serial_shops, nicolae_shop_behind_doors,
          nicolae_shop_window_shopping, nicolae_shop_bloodbath_and_beyond
D:4:      layout_layer_cave, okawaru_metal_pillars_1_2,
          kennysheep_generic_room_2
D:5:      layout_gridville, mainiacjoe_overflow_catwalk
D:6:      layout_loops_ring, minmay_manual_monstrance

Skill      XL: |  1  2  3  4  5  6 |
---------------+-------------------+-----
Polearms       | 3 4 |  4.3
Fighting       | 2 3 |  3.8
Conjurations   | 3 4 |  4.2
Spellcasting   | 4 |  4.6
Stealth        | |  1.2

Action                   |  1- 3 |  4- 6 |  7- 9 || total
-------------------------+-------+-------+-------++-------
Melee: Spear             |   132 |   146 |    24 ||   302
       Punch             |     2 |     2 |       ||     4
       Headbutt          |       |    18 |     7 ||    25
Invok: Ancestor Identity |     1 |       |       ||     1
       Ancestor Life: Kn |       |     1 |       ||     1
  Use: Potion            |       |       |     5 ||     5
 Stab: Sleeping          |     3 |     1 |       ||     4
Armor: Ring mail         |    46 |     6 |       ||    52
       Robe              |     2 |       |       ||     2
       Scale mail        |       |    29 |    19 ||    48
Dodge: Dodged            |    48 |    34 |    12 ||    94
       Repelled          |       |     1 |       ||     1
Block: Buckler           |       |     7 |    11 ||    18

Table legend: (Time is in decaauts)
 A = Elapsed time spent in this place.
 B = Non-inter-level travel time spent in this place.
 C = Inter-level travel time spent in this place.
 D = Time resting spent in this place.
 E = Time spent auto-exploring this place.
 F = Levels seen in this place.
 G = Mean time per level.
                   A        B        C        D        E       F      G
               +--------+--------+--------+--------+--------+-----+--------+
         Total |   5055 |   4913 |    142 |      0 |   4028 |   6 |  842.5 |
       Dungeon |   5055 |   4913 |    142 |      0 |   4028 |   6 |  842.5 |
               +--------+--------+--------+--------+--------+-----+--------+

Top non-repeatable levels by time:
     D:5: 1304 daAuts
     D:2: 1066 daAuts
     D:4: 935 daAuts
     D:3: 902 daAuts
     D:1: 818 daAuts
     D:6: 29 daAuts
